 Seeded DCSS version 0.28-a0-1213-g0243856f03 (webtiles) character file.

Game seed: 20211221 (custom seed)

89773 flotson the Fighter (level 15, -2/110 (120) HPs)
             Began as a Demonspawn Gladiator on Dec 21, 2021.
             Was an Initiate of Gozag.
             Slain by a vampire (7 damage)
             ... on level 14 of the Dungeon.
             The game lasted 01:03:42 (25629 turns).

flotson the Fighter (Demonspawn Gladiator)         Turns: 25629, Time: 01:03:43

HP:   -2/110 (120)  AC: 32    Str: 18 (20) XL:     15   Next: 50%
MP:   15/15         EV: 11    Int: 13 (15) God:    Gozag
Gold: 1943          SH: 15    Dex: 15 (17) Spells: 14/14 levels left

rFire   x . .      SeeInvis .   a - +1 broad axe (vorpal)
rCold   + + .      Faith    .   g - +0 tower shield
rNeg    . . .      Spirit   .   V - +7 ice dragon scales of Limitation {rF- rC++ Dex+2}
rPois   .          Reflect  .   M - +0 helmet
rElec   .          Harm     .   U - scarf {shadows}
rCorr   .          Rampage  .   R - +0 pair of gloves
Will    +....                   Q - +0 pair of boots
Stlth   ..........              A - amulet of regeneration
HPRegen 1.08/turn               P - +4 ring of protection
MPRegen 0.14/turn               n - +4 ring of protection

@: lethally poisoned (-2 -> -2), drained
A: foul stench 2, spiny 3, big brain 2, demonic touch 1, deterioration 1
a: Renounce Religion, Potion Petition, Call Merchant, Bribe Branch


You were on level 14 of the Dungeon.
You worshipped Gozag.
Gozag was most pleased with you.
You visited 4 branches of the dungeon, and saw 23 of its levels.
You also visited: Bailey.

You collected 7209 gold pieces.
You spent 3912 gold pieces at shops.
You paid 1354 gold pieces to Gozag.

Inventory:

Hand Weapons
 a - a +1 vorpal broad axe (weapon)
 b - the +6 hand crossbow of the Boiling Point {venom, rElec Will++}
   (You found it on level 13 of the Dungeon)

   Any ammunition fired from it poisons the flesh of those it strikes.
   rElec:     It insulates you from electricity.
   Will:      It greatly increases your willpower.
 c - the +8 whip of Defiance {elec, Str+4}
   (You found it on level 11 of the Dungeon)

   It occasionally discharges a powerful burst of electricity upon striking a
   foe.
   Str:       It affects your strength (+4).
Missiles
 d - 10 throwing nets (quivered)
 q - 12 curare-tipped darts
 B - 109 bolts
 H - 6 datura-tipped darts
 K - 2 atropa-tipped darts
 X - 6 javelins
Armour
 g - a +0 tower shield (worn)
 J - a scarf of invisibility
 M - a +0 helmet (worn)
 Q - a +0 pair of boots (worn)
 R - a +0 pair of gloves (worn)
 U - a scarf of shadows (worn)
 V - the +7 ice dragon scales of Limitation (worn) {rF- rC++ Dex+2}
   (You bought it in a shop on level 2 of the Orcish Mines)

   Dex:       It affects your dexterity (+2).
   rF:        It makes you vulnerable to fire.
   rC:        It greatly protects you from cold.
Jewellery
 n - a +4 ring of protection (right hand)
 A - an amulet of regeneration (around neck)
 P - a +4 ring of protection (left hand)
Wands
 e - a wand of digging (5)
 F - a wand of charming (13)
 G - a wand of iceblast (7)
 T - a wand of flame (22)
 Y - a wand of paralysis (22)
Scrolls
 f - 4 scrolls of noise {unknown}
 h - 4 scrolls of vulnerability {unknown}
 j - 8 scrolls of fog
 s - 3 scrolls of enchant armour {unknown}
 t - 2 scrolls of summoning {unknown}
 u - a scroll of torment {unknown}
 v - 2 scrolls of silence {unknown}
 x - 7 scrolls of immolation {unknown}
 y - 4 scrolls of teleportation
 C - 3 scrolls of amnesia {unknown}
 D - 8 scrolls of blinking {unknown}
 L - a scroll of holy word {unknown}
 N - 3 scrolls of magic mapping {unknown}
 O - a scroll of acquirement {unknown}
 S - 2 scrolls of brand weapon {unknown}
 W - 4 scrolls of enchant weapon {unknown}
 Z - 2 scrolls of fear {unknown}
Potions
 i - 6 potions of flight
 k - 4 potions of attraction
 m - 2 potions of cancellation
 o - 6 potions of lignification
 p - 2 potions of invisibility
 r - 2 potions of haste
 w - 4 potions of resistance
 z - 5 potions of ambrosia
 E - a potion of berserk rage
 I - 11 potions of curing
Miscellaneous
 l - a condenser vane


   Skills:
 + Level 12.0 Fighting
 + Level 9.1 Axes
 - Level 10.6 Throwing
 + Level 10.7 Armour
 + Level 11.1 Dodging
 + Level 8.5 Shields
 - Level 10.6 Evocations


You had 14 spell levels left.
You didn't know any spells.
Your spell library contained the following spells:

 Spells                   Type           Power      Damage    Failure   Level
 Animate Skeleton         Necr           0%         N/A       100%        1
 Apportation              Tloc           0%         N/A       100%        1
 Magic Dart               Conj           0%         1d3       100%        1
 Sandblast                Erth           0%         2d4       100%        1
 Slow                     Hex            0%         N/A       100%        1
 Summon Small Mammal      Summ           0%         N/A       100%        1
 Blink                    Tloc           0%         N/A       100%        2
 Passwall                 Tmut/Erth      0%         N/A       100%        2
 Searing Ray              Conj           0%         2d4       100%        2
 Call Canine Familiar     Summ           0%         N/A       100%        3
 Confusing Touch          Hex            0%         N/A       100%        3
 Gell's Gravitas          Tloc           0%         N/A       100%        3
 Inner Flame              Hex/Fire       0%         N/A       100%        3
 Lesser Beckoning         Tloc           0%         N/A       100%        3
 Stone Arrow              Conj/Erth      0%         3d7       100%        3
 Summon Guardian Golem    Hex/Summ       0%         N/A       100%        3
 Teleport Other           Tloc           0%         N/A       100%        3
 Cause Fear               Hex            0%         N/A       100%        4
 Fulminant Prism          Conj/Hex       0%         3d6       100%        4
 Iskenderun's Mystic Bla  Conj/Tloc      0%         2d3       100%        4
 Lee's Rapid Deconstruct  Erth           0%         3d5*      100%        5
 Manifold Assault         Tloc           0%         N/A       100%        5
 Summon Forest            Summ/Tloc      0%         N/A       100%        5
 Yara's Violent Unravell  Hex/Tmut       0%         3d3       100%        5
 Eringya's Noxious Bog    Tmut/Pois      0%         N/A       100%        6
 Storm Form               Tmut/Air       0%         N/A       100%        7
 Summon Hydra             Summ           0%         N/A       100%        7
 Discord                  Hex            0%         N/A       100%        8


Dungeon Overview and Level Annotations

Branches:
Dungeon (14/15)            Temple (1/1) D:6            Lair (6/6) D:11
 Shoals (0/4) Lair:3       Spider (0/4) Lair:2        Slime (0/5) Lair:5
    Orc (2/2) D:11            Elf (0/3) Orc:2        Vaults (0/5) D:13
 Bailey (visited)

Altars:
Ashenzari
Elyvilon
Gozag
Hepliaklqana
Kikubaaqudgha
Makhleb
Nemelex Xobeh
Okawaru
Ru
Sif Muna
Trog
Uskayaw
Vehumet
Wu Jian
Xom
Yredelemnul
Zin
The Shining One
Beogh
Jiyva

Shops:
D:6 (   D:9 (!=*   Orc:2 [*=*[(

Portals:
Trove: D:13 (give +4 shadow dragon scales)

Annotations:
Lair:5 1 runed translucent door


Innate Abilities, Weirdness & Mutations

You sometimes emit foul miasma when damaged in melee.
You are completely covered in sharp spines.
You have an extremely huge brain. (Int +4)
Your touch may inflict minor irresistible damage on your foes.
Your body sometimes deteriorates upon taking damage.


Message History

The skeletal warrior hits you with a +0 glaive of venom!
You are more poisoned.
You emit a cloud of foul miasma!
The skeletal warrior is struck by your spines.
The skeletal warrior hits you but does no damage.
You are more poisoned.
You are too injured to fight recklessly!
Unknown command.
You slash the skeletal warrior!
You destroy the skeletal warrior!
You feel extremely sick.
You feel your intelligence returning.
A vampire comes into view.
You feel extremely sick.
Things that are here:
5 gold pieces; a +0 glaive of venom You feel very sick.
You are too injured to fight recklessly!
Unknown command.
You are too injured to fight recklessly!
You feel very sick.
The vampire gestures wildly while chanting.
The vampire flickers and vanishes!
Deactivating autopickup; reactivate with Ctrl-A.
You feel very sick. Something hits you but does no damage.
Something bites you but does no damage.
You feel very sick. You block something's attack. x2
You hit something but do no damage.
You feel very sick. Something hits you but does no damage.
Something bites you but does no damage. Something hits you but does no damage.
You block something's attack.
You barely miss something.
You feel very sick. Something hits you!
* * * LOW HITPOINT WARNING * * *
Something bites you but does no damage.
You slash something!
You feel sick. Something hits you!
You die...
Your body crumbles into a pile of gold.

##.. #.#
#..##......##..
#.. #.#
#..##.........
#.#
#..##.........
...##.....###.
....##...$.#
#.....# #.....#
#.....# #=@{..#
#........
#.........
#.....###.
#.....# ......#
......#


There were no monsters in sight!

Vanquished Creatures
  Jorgrun (D:12)
  Louise (D:14)
  2 orc warlords (Orc:2)
  The ghost of Luuqe the Impaler, a journeyman MfGl of Yredelemnul (Lair:4)
  3 dire elephants (Lair:6)
  Snorg (D:12)
  Harold (Lair:2)
  Josephine (D:9)
  Erolcha (D:10)
  9 hydras
  3 boulder beetles
  5 two-headed ogres
  A death yak (Lair:6)
  5 orc high priests
  7 skeletal warriors
  3 spectral death yaks (Lair:6)
  A spectral anaconda (Lair:6)
  A wizard (D:13)
  An obsidian statue (Lair:6)
  4 lindwurms (Lair:3)
  4 necromancers
  4 orc knights
  4 deep elf pyromancers (D:12)
  7 orc sorcerers (Orc:2)
  2 wolf spiders (Lair:5)
  2 ugly things
  An oklob plant (Lair:6)
  2 manticores
  The ghost of RancidPinata the Sneak, a novice GrDe of Okawaru (D:6)
  5 cyclopes
  2 dire elephant zombies (Lair:6)
  4 black mambas
  12 elephants
  12 cane toads
  A gargoyle (D:10)
  A torpor snail (Lair:4)
  The ghost of Encipher the Spear-Bearer, a novice DsGl (D:4)
  4 unseen horrors
  13 komodo dragons
  5 rime drakes
  6 trolls
  A wind drake (Lair:3)
  The ghost of fragbeetle the Poker, an amateur MfGl of Okawaru (D:5)
  A slime creature (D:12)
  21 blink frogs
  2 polar bears (Lair:4)
  6 dream sheep (Lair:5)
  3 spectral elephants (Lair:6)
  2 shadows
  2 vampires (D:11)
  Grum (D:8)
  2 wyverns
  6 basilisks
  24 yaks
  7 wraiths
  2 death yak simulacra (Lair:6)
  A steam dragon (D:9)
  4 vampire mosquitoes
  2 wargs
  3 spectral cane toads (Lair:6)
  3 acid dragons
  16 water moccasins
  A two-headed ogre zombie (D:11)
  3 black bears
  2 ice beasts
  42 orc warriors
  A hornet zombie (D:6)
  3 necrophages
  5 ogres
  15 wolves
  4 centaurs
  4 phantoms
  3 kobold brigands
  13 bullfrogs
  3 gnoll sergeants
  2 scorpions
  2 cane toad simulacra (Lair:6)
  A water moccasin zombie (D:6)
  A hornet simulacrum (D:6)
  A troll zombie (D:11)
  6 killer bees (D:5)
  An elephant simulacrum (Lair:6)
  6 wights
  2 howler monkeys
  A bullfrog zombie (D:7)
  6 hounds
  5 centaur zombies
  2 gnoll shamans
  22 orc priests
  2 centaur skeletons
  2 bullfrog skeletons (D:6)
  Terence (D:2)
  3 iguanas (D:6)
  34 orc wizards
  A killer bee zombie (D:6)
  6 ogre zombies (D:11)
  A hound skeleton (D:4)
  A howler monkey zombie (D:8)
  17 gnolls
  11 adders
  2 white imps
  An adder skeleton (D:4)
  2 worms
  12 dart slugs
  98 orcs
  5 endoplasms
  7 giant cockroaches
  8 goblins
  7 hobgoblins
  8 jackals
  3 quokkas
  5 ball pythons
  4 bats
  A frilled lizard (D:3)
  2 goblin zombies (D:11)
  2 hobgoblin zombies (D:11)
  16 kobolds
  6 orc skeletons (D:11)
  15 orc zombies (D:11)
  11 rats
706 creatures vanquished.

Vanquished Creatures (others)
  An orc wizard (Orc:2)
  2 orcs (Orc:2)
  63 fungi
  70 plants
  26 withered plants (Lair:6)
162 creatures vanquished.

Grand Total: 868 creatures vanquished

Notes
Turn   | Place    | Note
-------+----------+-------------------------------------------
     0 | D:1      | flotson the Demonspawn Gladiator began the quest for the
                  | Orb.
     0 | D:1      | Reached XP level 1. HP: 16/16 MP: 1/1
   339 | D:1      | Gained mutation: You may rarely emit foul miasma when
                  | damaged in melee. [demonic ancestry]
   339 | D:1      | Reached XP level 2. HP: 22/22 MP: 2/2
   589 | D:1      | HP: 1/23 [frozen (5)]
   917 | D:1      | Found a faded altar of an unknown god.
  1100 | D:1      | Reached skill level 1 in Armour
  1100 | D:1      | Gained mutation: You are partially covered in sharp spines.
                  | [demonic ancestry]
  1100 | D:1      | Reached XP level 3. HP: 28/28 MP: 3/3
  1461 | D:2      | Noticed Terence
  1476 | D:2      | Killed Terence
  1477 | D:2      | Gained mutation: You are mostly covered in sharp spines.
                  | [demonic ancestry]
  1477 | D:2      | Reached XP level 4. HP: 23/34 MP: 4/4
  2082 | D:3      | Reached skill level 3 in Fighting
  2369 | D:3      | Gained mutation: You have an unusually large brain. (Int
                  | +2) [demonic ancestry]
  2369 | D:3      | Reached XP level 5. HP: 34/41 MP: 5/5
  2573 | D:3      | Noticed a centaur
  2578 | D:3      | Killed a centaur
  2854 | D:3      | Reached XP level 6. HP: 32/47 MP: 6/6
  3611 | D:4      | Reached skill level 4 in Fighting
  3611 | D:4      | Gained mutation: You have an extremely huge brain. (Int +4)
                  | [demonic ancestry]
  3611 | D:4      | Reached XP level 7. HP: 46/54 MP: 7/7
  3765 | D:4      | Found a runed translucent gate.
  3767 | D:4      | Found a runed translucent gate.
  3768 | D:4      | Found a runed translucent gate.
  3772 | D:4      | Noticed Encipher's ghost (novice DsGl)
  4057 | D:4      | Noticed a moth of wrath
  4059 | D:4      | Found a bloodstained altar of Trog.
  4092 | D:4      | Identified the +6 dagger "Fedghoqai" {vorpal, Int-5 Dex+6}
  4130 | D:5      | Entered Level 5 of the Dungeon
  4192 | D:5      | Noticed fragbeetle's ghost (amateur MfGl)
  4427 | D:5      | Reached skill level 5 in Dodging
  4427 | D:5      | Reached skill level 1 in Evocations
  4427 | D:5      | Reached XP level 8. HP: 48/61 MP: 8/8
  4439 | D:5      | Reached skill level 5 in Fighting
  4660 | D:5      | Found a transporter.
  4665 | D:5      | Found a transporter.
  5078 | D:6      | Found a staircase to the Ecumenical Temple.
  5087 | Temple   | Entered the Ecumenical Temple
  5342 | Temple   | Became a worshipper of Gozag Ym Sagoz the Greedy
  5405 | D:6      | Found Liaciyma's Weapon Shoppe.
  5453 | D:6      | Reached skill level 5 in Throwing
  5851 | D:6      | Reached XP level 9. HP: 63/69 MP: 9/9
  6009 | D:6      | Reached skill level 5 in Armour
  6187 | D:6      | Found a runed translucent gate.
  6187 | D:6      | Found a runed translucent gate.
  6187 | D:6      | Found a runed translucent gate.
  6189 | D:6      | Noticed RancidPinata's ghost (novice GrDe)
  6374 | D:7      | Reached skill level 6 in Fighting
  7383 | D:8      | Noticed Grum
  7393 | D:8      | Killed Grum
  7936 | D:9      | Killed an unseen horror
  7937 | D:9      | Reached skill level 7 in Fighting
  7937 | D:9      | Reached skill level 5 in Evocations
  7937 | D:9      | Gained mutation: You sometimes emit foul miasma when
                  | damaged in melee. [demonic ancestry]
  7937 | D:9      | Reached XP level 10. HP: 68/79 MP: 10/10
  7951 | D:9      | Found Dipnuemai's Distillery.
  8060 | D:9      | Found a flagged portal.
  8191 | D:9      | Found Tisah's Antique Weapon Shoppe.
  8204 | Bailey   | Entered a bailey
  8581 | Bailey   | Noticed an orc knight
  8627 | Bailey   | Killed an orc knight
  8692 | Bailey   | Identified the +5 steam dragon scales of Resonance {rPois
                  | rC- Int+8 Slay+5}
  8987 | D:9      | Bought a potion of curing for 39 gold pieces
  8987 | D:9      | Bought a potion of heal wounds for 65 gold pieces
  8987 | D:9      | Bought a potion of lignification for 39 gold pieces
  8987 | D:9      | Bought a potion of attraction for 39 gold pieces
  9059 | D:9      | Found Sif Adah's Jewellery Shop.
  9094 | D:9      | Found Jutzout's Assorted Antiques.
  9110 | D:9      | Bought a scroll labelled VASHERR XAIZXI for 34 gold pieces
  9110 | D:9      | Bought a runed kite shield for 255 gold pieces
  9110 | D:9      | Bought a viscous emerald potion for 30 gold pieces
  9110 | D:9      | Bought a scroll of identify for 68 gold pieces
  9110 | D:9      | Bought an encrusted short sword for 272 gold pieces
  9110 | D:9      | Identified the +4 short sword of Secotoyph {freeze, Dex+4
                  | Stlth+} (You bought it in a shop on level 9 of the Dungeon)
  9513 | D:10     | Entered Level 10 of the Dungeon
  9513 | D:10     | Noticed Erolcha
  9513 | D:10     | Noticed Josephine
  9683 | D:10     | Killed Erolcha
  9684 | D:10     | Reached skill level 1 in Shields
  9746 | D:9      | Killed Josephine
  9812 | D:10     | Noticed a gargoyle
  9815 | D:10     | Killed a gargoyle
  9816 | D:10     | Reached XP level 11. HP: 86/86 MP: 11/11
  9854 | D:10     | Reached skill level 8 in Fighting
 10092 | D:10     | Noticed a two-headed ogre
 10103 | D:10     | Killed a two-headed ogre
 10394 | D:11     | Found a staircase to the Lair.
 10638 | D:11     | Found a staircase to the Orcish Mines.
 10642 | D:11     | Noticed a boulder beetle
 10647 | D:11     | Noticed a six-headed hydra
 10718 | D:11     | Identified the +8 whip of Defiance {elec, Str+4}
 11075 | D:11     | Killed a seven-headed hydra
 11135 | D:11     | Killed a boulder beetle
 11684 | Lair:1   | Entered Level 1 of the Lair of Beasts
 11724 | Lair:1   | Noticed an eight-headed hydra
 11733 | Lair:1   | Killed an eight-headed hydra
 11861 | Lair:1   | Reached skill level 5 in Axes
 11861 | Lair:1   | Gained mutation: Your touch may inflict minor irresistible
                  | damage on your foes. [demonic ancestry]
 11861 | Lair:1   | Reached XP level 12. HP: 94/94 MP: 12/12
 11993 | Lair:1   | Noticed a five-headed hydra
 12001 | Lair:1   | Killed a five-headed hydra
 12038 | Lair:1   | Reached skill level 9 in Fighting
 12896 | Lair:2   | Found a hole to the Spider Nest.
 12925 | Lair:2   | Noticed Harold
 12943 | Lair:2   | Killed Harold
 12944 | Lair:2   | Reached skill level 5 in Shields
 14046 | Lair:3   | Found a staircase to the Shoals.
 14417 | Lair:3   | Identified the +6 scale mail of Veitang {Regen+ Str-4 Int-5
                  | Slay+6}
 14474 | Lair:3   | Reached XP level 13. HP: 33/103 MP: 13/13
 14480 | Lair:3   | Identified the +1 ring mail of Otocef {Will+ Int+2}
 14485 | Lair:3   | Identified the ring "Juakokau" {Wiz rElec MP-9 Int+4}
 14758 | Lair:4   | Found a runed translucent gate.
 14894 | Lair:4   | Reached skill level 10 in Fighting
 15152 | Lair:4   | You fall into a shaft and drop 2 floors!
 15152 | Lair:6   | Entered Level 6 of the Lair of Beasts
 15537 | Lair:6   | Noticed a dire elephant
 15537 | Lair:6   | Noticed a dire elephant
 15538 | Lair:6   | Noticed a dire elephant
 15959 | Lair:5   | Found a runed translucent door.
 15959 | Lair:5   | Noticed an azure jelly
 15960 | Lair:5   | Found a viscous altar of Jiyva.
 15961 | Lair:5   | Noticed an azure jelly
 15963 | Lair:5   | Noticed an azure jelly
 16181 | Lair:4   | Found a runed translucent gate.
 16181 | Lair:4   | Found a runed translucent gate.
 16186 | Lair:4   | Noticed Luuqe's ghost (journeyman MfGl)
 17172 | Lair:5   | Found a staircase to the Slime Pits.
 17739 | Lair:6   | Reached XP level 14. HP: 88/111 MP: 14/14
 17990 | Lair:6   | Reached skill level 10 in Dodging
 18387 | Lair:6   | Reached skill level 10 in Throwing
 19003 | Lair:6   | Identified the +5 ring mail "Miesehoi" {Int+4}
 19194 | Lair:4   | Reached skill level 11 in Fighting
 19273 | Lair:4   | Killed Luuqe's ghost
 19608 | D:6      | Killed RancidPinata's ghost
 19723 | D:5      | Killed fragbeetle's ghost
 19724 | D:5      | Reached skill level 10 in Evocations
 19799 | D:4      | Killed Encipher's ghost
 20247 | Orc:1    | Entered Level 1 of the Orcish Mines
 20532 | Orc:2    | Entered Level 2 of the Orcish Mines
 20679 | Orc:2    | Found a staircase to the Elven Halls.
 20718 | Orc:2    | Noticed an orc warlord
 20795 | Orc:2    | Killed an orc warlord
 21095 | Orc:2    | Reached skill level 10 in Armour
 21112 | Orc:2    | Found a runed translucent door.
 21558 | Orc:2    | Gained mutation: Your body sometimes deteriorates upon
                  | taking damage. [a neqoxec]
 21699 | Orc:2    | Found Beclemu's General Store.
 21700 | Orc:2    | Found Yranyuxis's Jewellery Shop.
 21705 | Orc:2    | Found Mechat Seff's Antique Armour Shop.
 21705 | Orc:2    | Found Romoanal's Antique Weapon Boutique.
 21723 | Orc:2    | Bought a pair of brightly glowing boots for 266 gold pieces
 21723 | Orc:2    | Identified the +1 pair of boots of the Three Souls {Fly rF-
                  | Int+7} (You bought it in a shop on level 2 of the Orcish
                  | Mines)
 21723 | Orc:2    | Bought a jasper-encrusted chain mail for 266 gold pieces
 21723 | Orc:2    | Identified the +0 chain mail of Itanlor {rPois} (You bought
                  | it in a shop on level 2 of the Orcish Mines)
 21723 | Orc:2    | Bought a runed scarf for 224 gold pieces
 21738 | Orc:2    | Bought a glowing broad axe for 203 gold pieces
 21738 | Orc:2    | Bought a runed hand crossbow for 188 gold pieces
 22197 | Orc:1    | Noticed an orc warlord
 22254 | Orc:1    | Noticed an orc warlord
 22284 | Orc:2    | HP: 3/91 [orc warlord (12)]
 22465 | Orc:2    | Killed an orc warlord
 22494 | Orc:2    | Bought faintly humming ice dragon scales for 1690 gold
                  | pieces
 22494 | Orc:2    | Identified the +7 ice dragon scales of Limitation {rF- rC++
                  | Dex+2} (You bought it in a shop on level 2 of the Orcish
                  | Mines)
 22494 | Orc:2    | Bought a pitted ring mail for 234 gold pieces
 22494 | Orc:2    | Identified the +4 ring mail "Giannes" {Dex-2 Slay+4} (You
                  | bought it in a shop on level 2 of the Orcish Mines)
 22633 | D:12     | Gained mutation: You are completely covered in sharp
                  | spines. [demonic ancestry]
 22633 | D:12     | Reached XP level 15. HP: 101/103 MP: 15/15
 23540 | D:12     | Noticed Jorgrun
 23553 | D:12     | Killed Jorgrun
 23733 | D:12     | Noticed Snorg
 23739 | D:12     | Killed Snorg
 24316 | D:13     | Identified the +6 hand crossbow of the Boiling Point
                  | {venom, rElec Will++}
 24362 | D:13     | Found a portal to a secret trove of treasure.
 24433 | D:13     | Found a gate to the Vaults.
 25528 | D:14     | Noticed Louise
 25547 | D:14     | Killed Louise
 25548 | D:14     | Reached skill level 12 in Fighting
 25628 | D:14     | HP: 5/110 [something (8)]
 25629 | D:14     | Slain by a vampire

Illustrated notes

Levels and vault maps discovered:
D:1:      eino_arrival_cavern_b, layout_loops_ring, basic_ecumenical_altar,
          kennysheep_minor_cross, minmay_misc_feat_rugged
D:2:      layout_rooms, basic_altar, uniq_terence
D:3:      kennysheep_slugbush, layout_basic, mainiacjoe_overflow_boulevard
D:4:      wad_pebble_path, layout_cave_pools, tgw_trog, gammafunk_ghost_split
D:5:      layout_basic, gammafunk_ghost_hive
D:6:      minmay_general_purpose_star, layout_loops_corners,
          minmay_temple_entry_mini_moons, gammafunk_ghost_necromancy,
          serial_shops, shop
D:7:      layout_cave_pods
D:8:      layout_loops_cross, chequers_serial_rivers_room_a, uniq_grum
D:9:      layout_stronghold, serial_shops, nicolae_stop_n_shop_1,
          shop_fountains, nicolae_shop_advertising_works
          [nicolae_subvault_shop_adworks], nicolae_shop_overgrown_old_shop,
          enter_bailey_8, grunt_ministairs_15, hangedman_decor_opposing,
          kennysheep_generic_room_10
D:10:     layout_rooms, kennysheep_generic_room_6, uniq_erolcha, uniq_josephine
D:11:     layout_basic, due_lair_maze_entry_diamond, zombieorc2_lemuel
D:12:     nzn_winding_woodlands_small [nzn_winding_woodlands_5x15_sidewinder,
          nzn_winding_woodlands_center_garden,
          nzn_winding_woodlands_5x15_concentric], layout_stronghold, uniq_snorg,
          uniq_jorgrun
D:13:     layout_big_octagon, david_vaults_1, serial_co_window_serial,
          co_window_corner_a, co_window_of_opportunity_a, co_window_corner_a,
          co_window_paths_a, co_window_paths_b, co_window_paths_a,
          co_window_corner_a, co_window_corner_a, co_window_paths_b,
          co_window_corner_ca, co_window_unsneaky_path_e, co_window_2corner,
          co_window_cross_4, co_window_of_opportunity_b,
          co_window_unsneaky_path_e, co_window_corner_b,
          nicolae_trove_entry_free_sample
D:14:     layout_long_grid, roderic_three_in_a_row, uniq_louise
Temple:   mainiacjoe_temple_big_plus
Lair:1:   layout_cave_pods, grunt_megastairs_3
Lair:2:   layout_small_grid, spider_nest_entry_web_field, uniq_harold
Lair:3:   layout_loops_ring, minmay_shoals_entry_beasts, minmay_lindwurm_lava,
          lemuel_fruit_fields
Lair:4:   layout_hall_layers, gammafunk_ghost_hydra_chop, minmay_hedge_maze,
          grunt_megastairs_1, infiniplex_staircase_pool, lemuel_fruit_tree
Lair:5:   layout_layer_cave, slime_altar_2, nicolae_lair_run_with_the_wolves
Lair:6:   due_jungle_book, layout_small_grid
Orc:1:    layout_caves
Orc:2:    st_orc_congregation, layout_diamond_mine, lightli_church_of_beogh

Skill      XL: |  1  2  3  4  5  6  7  8  9 10 11 12 13 14 15 |
---------------+----------------------------------------------+-----
Throwing       | 2 3 4 5 6 7 8 9 10 | 10.6
Dodging        | 3 4 5 6 7 8 9 10 11 | 11.1
Armour         | 1 2 3 4 6 7 8 9 10 | 10.7
Fighting       | 3 4 5 7 8 9 10 11 12 | 12.0
Evocations     | 1 3 5 6 7 8 9 10 | 10.6
Axes           | 3 5 6 7 8 9 |  9.1
Shields        | 2 4 5 6 7 8 |  8.5

Action                   |  1- 3 |  4- 6 |  7- 9 | 10-12 | 13-15 || total
-------------------------+-------+-------+-------+-------+-------++-------
Melee: War axe           |    14 |       |       |       |       ||    14
       Dagger            |   102 |   106 |   147 |       |       ||   355
       Hand axe          |       |       |    74 |    26 |       ||   100
       Broad axe         |       |       |       |   176 |   752 ||   928
       Whip              |       |       |       |   251 |   262 ||   513
 Fire: Shortbow          |       |    40 |    20 |       |       ||    60
       Hand crossbow     |       |       |    49 |    65 |   156 ||   270
Throw: Dart              |       |       |     4 |    75 |     1 ||    80
       Javelin           |       |       |       |       |     6 ||     6
       Throwing net      |       |       |       |       |     5 ||     5
Invok: Call Merchant     |       |       |       |       |     2 ||     2
Evoke: Wand              |       |       |       |    10 |     9 ||    19
       Condenser vane    |       |       |       |       |     2 ||     2
  Use: Scroll            |       |       |       |    10 |     6 ||    16
       Potion            |       |       |       |     5 |     7 ||    12
 Stab: Sleeping          |     3 |       |       |       |     2 ||     5
       Distracted        |       |       |       |     3 |     3 ||     6
       Held in net/web   |       |       |       |     1 |       ||     1
Armor: Leather armour    |    48 |       |       |       |       ||    48
       Scale mail        |       |    58 |    90 |     9 |       ||   157
       Steam dragon scal |       |       |       |   275 |   351 ||   626
       Ice dragon scales |       |       |       |       |   154 ||   154
Dodge: Dodged            |    65 |    42 |   157 |   305 |   690 ||  1259
Block: Kite shield       |       |       |       |   235 |   652 ||   887
       Tower shield      |       |       |       |       |     6 ||     6

Table legend: (Time is in decaauts)
 A = Elapsed time spent in this place.
 B = Non-inter-level travel time spent in this place.
 C = Inter-level travel time spent in this place.
 D = Time resting spent in this place.
 E = Time spent auto-exploring this place.
 F = Levels seen in this place.
 G = Mean time per level.
                   A        B        C        D        E       F      G
               +--------+--------+--------+--------+--------+-----+--------+
         Total |  26264 |  24235 |   2029 |    450 |  17616 |  24 | 1094.3 |
       Dungeon |  14742 |  13684 |   1058 |    116 |  10323 |  14 | 1053.0 |
        Temple |    285 |    255 |     30 |      0 |    246 |   1 |  285.0 |
          Lair |   8190 |   7454 |    736 |    204 |   5467 |   6 | 1365.0 |
  Orcish Mines |   2441 |   2237 |    204 |    130 |   1270 |   2 | 1220.5 |
        Bailey |    605 |    605 |      0 |      0 |    310 |   1 |  605.0 |
               +--------+--------+--------+--------+--------+-----+--------+

Top non-repeatable levels by time:
  Lair:6: 2396 daAuts
   Orc:2: 2052 daAuts
    D:12: 1713 daAuts
  Lair:4: 1491 daAuts
     D:3: 1453 daAuts
    D:11: 1433 daAuts
     D:1: 1431 daAuts
     D:6: 1219 daAuts
  Lair:1: 1204 daAuts
  Lair:5: 1170 daAuts
    D:13: 1123 daAuts
  Lair:2: 1076 daAuts
     D:9: 1066 daAuts
    D:10: 1021 daAuts
     D:5: 931 daAuts
